 Dungeon Crawl Stone Soup version 0.20-a0-800-g4a616ed (webtiles) character file.

93 Laan the Cudgeler (level 4, -6/48 HPs)
             Began as an Ogre Monk on Mar 2, 2017.
             Mangled by morra's ghost (7 damage)
             ... on level 3 of the Dungeon.
             The game lasted 00:04:22 (2228 turns).

Laan the Cudgeler (Ogre Monk)                       Turns: 2228, Time: 00:04:23

Health: -6/48      AC:  3    Str: 15    XL:     4   Next: 61%
Magic:  0/4        EV: 10    Int: 12    God:
Gold:   73         SH:  0    Dex: 11    Spells: 3/3 levels left

rFire    . . .     SeeInvis .   a - +0 mace
rCold    . . .     Gourm    .   b - +0 robe
rNeg     + . .     Faith    .   (no shield)
rPois    .         Spirit   .   (helmet restricted)
rElec    .         Reflect  .   (no cloak)
rCorr    .         Harm     .   (gloves unavailable)
MR       .....                  (boots unavailable)
Stlth    ++........             (no amulet)
Regen    0.2/turn               (no ring)
MPRegen  0.1/turn               l - ring of positive energy

@: no status effects
A: unfitting armour, tough skin 1
a: no special abilities


You were on level 3 of the Dungeon.
You were not hungry.

You visited 1 branch of the dungeon, and saw 3 of its levels.

You collected 73 gold pieces.

Inventory:

Hand Weapons
 a - a +0 mace (weapon)
Armour
 b - a +0 robe (worn)
Jewellery
 l - a ring of positive energy (left hand)
Scrolls
 d - a scroll of amnesia {unknown}
 g - a scroll of enchant armour {unknown}
 h - a scroll of immolation {unknown}
 i - a scroll of identify {unknown}
 j - a scroll of recharging {unknown}
 q - a scroll of fog {unknown}
Potions
 e - a potion of magic {unknown}
 f - a potion of cancellation {unknown}
 k - a potion of lignification {unknown}
 o - a potion of brilliance {unknown}
Comestibles
 c - a bread ration
 m - a meat ration
 n - a chunk of flesh
 p - a royal jelly
 r - 3 fruits


   Skills:
 - Level 4.0 Fighting
 + Level 4.7 Maces & Flails
 - Level 2.6 Dodging
 - Level 1.4 Stealth


You had 3 spell levels left.
You didn't know any spells.

Dungeon Overview and Level Annotations

Branches:
Dungeon (3/15)

Altars:
Trog

Annotations:
D:3 morra's ghost, amateur DrTm


Innate Abilities, Weirdness & Mutations

You are too large for most types of armour.
You have tough skin. (AC +1)


Message History

Morra's ghost completely misses you. The eye of draining gazes at you.
You hit the eye of draining.
The eye of draining is moderately wounded.
The kobold hits you but does no damage. Morra's ghost barely misses you.
The gnoll hits you from afar with a halberd!
The eye of draining gazes at you.
You hit the eye of draining but do no damage.
The eye of draining is moderately wounded.
The kobold hits you with an antimagic club.
Morra's ghost hits you.
* * * LOW HITPOINT WARNING * * *
The gnoll hits you from afar with a halberd!
* * * LOW HITPOINT WARNING * * *
You hit the eye of draining.
The eye of draining is heavily wounded.
The kobold barely misses you.
Morra's ghost keens inconsolably.
Morra's ghost hits you!
You die...

.### ##. ...##..
......###..
...........
##..........
##............ #####
.#............##...##
..........$..##.GG..##
##...........#..@....#
#...........#.WGK...#
##.......W..#.8.g.8.#
##.........##.....##
#...#.###..##...##
#...#.###..?....#
#÷........#.#####
####........##.##
..÷)...##÷........


You could see 3 eyes of draining, morra's ghost, a gnoll and a kobold.

Vanquished Creatures
  2 adders
  A worm (D:2)
  A leopard gecko (D:3)
  4 orcs (D:3)
  2 ball pythons
  5 bats
  A giant cockroach (D:2)
  4 goblins
  5 hobgoblins
  7 jackals
  11 kobolds
  6 frilled lizards
  17 rats
66 creatures vanquished.

Notes
Turn   | Place    | Note
-------+----------+-------------------------------------------
     0 | D:1      | Laan the Ogre Monk began the quest for the Orb.
     0 | D:1      | Reached XP level 1. HP: 24/24 MP: 1/1
    73 | D:1      | Reached XP level 2. HP: 20/32 MP: 2/2
   463 | D:1      | Reached XP level 3. HP: 39/39 MP: 3/3
  1326 | D:2      | Reached XP level 4. HP: 37/48 MP: 4/4
  1902 | D:3      | Noticed morra's ghost (amateur DrTm)
  2215 | D:3      | Found a bloodstained altar of Trog.
  2215 | D:3      | Noticed an eye of draining
  2215 | D:3      | Noticed an eye of draining
  2216 | D:3      | Noticed an eye of draining
  2227 | D:3      | HP: 1/48 [gnoll/halberd (13)]
  2228 | D:3      | Mangled by morra's ghost

Vault maps used:
D:1:      co_arrival_random_square_maze, minmay_pentomino_w2
D:2:      st_stairs_9, serial_bayou_pond_b, hex_large
D:3:      trog_eyes_of_draining, bh_walls_and_bars

Skill      XL: |  1  2  3 |
---------------+----------+-----
Maces & Flails | 3 4 |  4.7
Fighting       | |  4.0
Dodging        | |  2.6
Stealth        | |  1.4

Action                   |  1- 3 |  4- 6 || total
-------------------------+-------+-------++-------
Melee: Mace              |   128 |    60 ||   188
 Stab: Sleeping          |       |     2 ||     2
  Eat: Chunk             |     1 |     3 ||     4
Armor: Robe              |    44 |    16 ||    60
Dodge: Dodged            |    93 |    41 ||   134
